Star, chaotic male elven Priest ----- ------------ |...| |..........| -------- #....-o############'@###f>..^.......# |......-##########----- |....{.....|# |......| # ## # ------.-----# |.......######## # ## # |......| # # # |......| # ############################### |.......################### # #------ -.---- ------.- # ### #|....)######## |....| ######%########### # #+....| # |....| --.--.- #### |....| ##-....| |.....| --.---- #########.....| |....| |.....| |.....| # |$...| |....| |......####)#######|......## |....| |....| ------- #-..<..| ------ ------ ------- Star the Adept Experience level: 7 Strength: 11 Dexterity: 13 Constitution: 13 Intelligence: 10 Wisdom: 19 Charisma: 13 Health: 0(45) Energy: 115(122) Def: 12 Gold: 193 Moves: 7644 Dungeon seed: XOUmpRK6TQPbRxr8 Game ID: Star_1614627303 Your Inventory: Coins $ - 193 gold pieces Weapons a - a blessed corroded +1 mace (weapon in hand) m - 22 +0 darts t - 13 +0 arrows (in quiver) u - a +0 bow (alternate weapon; not wielded) M - 8 blessed +1 arrows R - a +0 silver saber Armor e - a +0 robe (being worn) n - a +0 small shield (being worn) q - a +0 leather armor (being worn) r - a +0 pair of low boots y - a blessed +3 pair of iron shoes (being worn) U - a +0 dwarvish iron helm (being worn) Comestibles d - a sprig of wolfsbane h - a fortune cookie A - a food ration D - 2 slime molds V - a tripe ration Scrolls N - a scroll of food detection Potions H - a potion of speed L - a potion of sleeping Wands J - a wand of speed monster (0:6) O - a wand of striking (0:3) Z - a wand of digging (0:4) Tools l - a tin opener o - a blindfold w - a skeleton key x - a sack B - a magic lamp Gems z - a worthless piece of white glass Contents of the sack: 1553 gold pieces 4 scrolls of blank paper a cursed scroll of blank paper a scroll of confuse monster a cursed scroll of remove curse a blessed spellbook of light a spellbook of magic missile a spellbook of protection a potion of full healing 2 potions of holy water a wand of digging (0:3) a wand of make invisible (0:4) a lock pick a skeleton key a skeleton key a blessed tallow candle (0:200) a tin whistle 2 blessed wax candles (0:400) a black opal a chrysoberyl stone a fluorite stone a garnet stone a luckstone 2 worthless pieces of blue glass a worthless piece of green glass 2 worthless pieces of violet glass a worthless piece of yellow glass Spells and supernatural/magical abilities: Name Level Category Fail Memory l - light 1 divination 0% 62% m - magic missile 2 attack 37% 93% p - protection 1 clerical 0% 62% W - pray for help -- divine ? -- X - turn undead -- divine ? -- Your skills at the end: Fighting Skills Weapon Skills mace [Basic] Spellcasting Skills clerical spells [Basic] Final Attributes: You were piously aligned. You were sleep resistant. You had infravision. You were lucky. You are dead. Vanquished creatures: a large dog a giant beetle a leprechaun a giant spider 3 gnome kings a gnome mummy 4 human zombies an imp an Uruk-hai an orc shaman 2 rock moles a pony a fog cloud a yellow light a shrieker 7 gnome lords 2 gnomish wizards a guardian naga hatchling a gray ooze 2 straw golems 2 paper golems a baby crocodile 2 kittens 9 dwarves 2 kobold lords a kobold shaman 4 rothes 2 rabid rats 4 orc zombies 2 dwarf zombies a wererat a werejackal 2 killer bees 2 acid blobs 4 coyotes 4 hobbits 9 manes 2 hobgoblins 6 giant rats 3 cave spiders a brown mold a yellow mold 31 gnomes 5 geckos 7 jackals a fox 3 kobolds 3 goblins 3 sewer rats 11 grid bugs 9 bats 2 lichens 4 kobold zombies 5 newts 183 creatures vanquished. Voluntary challenges: You used a wielded weapon 325 times, starting on turn 179. You read items or engraved 12 times, starting on turn 155. You never genocided any monsters. You never polymorphed an object. You never changed form. You used no wishes. You never split a pudding. You never wrote Elbereth's name. You never violated your personal moral code. Dungeon overview: The Dungeons of Doom: levels 1 to 8 Level 1 a fountain a long staircase Level 2 stairs to The Gnomish Mines Level 3 a general store, a fountain Level 4 an altar to Set, a fountain Level 5 a fountain Level 6 Level 7 Level 8 <- You were here a fountain The Gnomish Mines: levels 3 to 7 Level 3 stairs to The Dungeons of Doom Level 4 Level 5 many shops, a temple to Crom, some fountains Level 6 Level 7 History has recorded: On T:1 you entered the Dungeons of Doom to retrieve the Amulet of Yendor! On T:228 you reached level 2 of The Dungeons of Doom. On T:756 you reached level 1 of The Gnomish Mines. On T:767 you advanced to experience level 2. On T:789 you advanced to experience level 3. On T:860 you advanced to experience level 4. On T:1580 you advanced to experience level 5. On T:1726 you reached level 2 of The Gnomish Mines. On T:2238 you advanced to experience level 6. On T:2564 you reached level 3 of The Gnomish Mines. On T:3573 you advanced to experience level 7. On T:3634 you reached level 4 of The Gnomish Mines. On T:3670 you reached level 5 of The Gnomish Mines. On T:4011 you reached level 3 of The Dungeons of Doom. On T:4652 you reached level 4 of The Dungeons of Doom. On T:5204 you reached level 5 of The Dungeons of Doom. On T:5848 you reached level 6 of The Dungeons of Doom. On T:6543 you reached level 7 of The Dungeons of Doom. On T:6921 you reached level 8 of The Dungeons of Doom. Score breakdown: Gold: 1746 (11029 points) Experience: 7 levels (13645 points) Exploration: 8 levels ( 17.02%) (11702 points) Discoveries: 31 items ( 10.84%) ( 9876 points) Valuables value: (no points given unless you survive) Artifact value: 0 ( 0 points) Variety of kills: 54 monsters ( 14.17%) (11294 points) Turncount: 7644 turns (-1981 points) Survival: died (score multiplied by 80%) Total score: 44452 Latest messages: The Uruk-hai hits! You kill the Uruk-hai! There are a few objects here. You have a little trouble lifting z - a white gem. You attack thin air. (2x) The large dog bites! You displace George. You hear some noises. The large dog bites! You hit the large dog! The large dog bites! (2x) You kill the large dog! You stop running. The rope golem misses. The rope golem hits! You hit the rope golem. The rope golem hits! (2x) You hit the rope golem. The rope golem just misses! The rope golem hits! You hit the rope golem. The rope golem hits! You die... Final status: Goodbye Star the Priest, killed by a rope golem... You died in The Dungeons of Doom on dungeon level 8 with 44452 points, and 1746 pieces of gold, after 7644 moves. You were level 7 with a maximum of 45 hit points when you died.